 Dungeon Crawl Stone Soup version 0.31-a0-841-g038b102fc3 (webtiles) character file.

Game seed: 3653945734127671884

37 Bravepunisher the Ducker (level 3, -1/20 HPs)
             Began as a Spriggan Monk on Sept 27, 2023.
             Slain by a hound (4 damage)
             ... on level 4 of the Dungeon.
             The game lasted 00:03:17 (718 turns).

Bravepunisher the Ducker (Spriggan Monk)             Turns: 718, Time: 00:03:18

Health: -1/20      AC:  2    Str:  7    XL:     3   Next: 21%
Magic:  4/4        EV: 19    Int: 11    God:
Gold:   32         SH:  0    Dex: 19    Spells: 2/2 levels left

rFire   + . .        d - +2 dagger (flame)
rCold   + . .        (no shield)
rNeg    . . .        b - +0 robe
rPois   +            (helmet restricted)
rElec   +            (no cloak)
rCorr   +            (gloves unavailable)
SInv    +            (boots unavailable)
Will    .....        (no amulet)
Stlth   +            (no ring)
HPRegen 0.23/turn    (no ring)
MPRegen 0.09/turn

%: no passive effects
@: silenced, resistant, hasted, very quick
A: very small, no large weapons, unfitting armour, see invisible, speed 3
a: no special abilities


You were on level 4 of the Dungeon.
You visited 1 branch of the dungeon, and saw 4 of its levels.

You collected 32 gold pieces.

Inventory:

Hand Weapons
 d - a +2 dagger of flaming (weapon)
Armour
 b - a +0 robe (worn)
Jewellery
 j - a ring of poison resistance
Scrolls
 g - a scroll of teleportation {unknown}
 h - a scroll of brand weapon {unknown}
 i - a scroll of vulnerability {unknown}
Potions
 c - a potion of ambrosia


   Skills:
 * Level 3.2 Fighting
 - Level 3.2 Short Blades
 + Level 4.6 Dodging


You had 2 spell levels left.
You didn't know any spells.
Your spell library was empty.

Dungeon Overview and Level Annotations

Branches:
Dungeon (4/15)
 Temple: D:4-7

Altars:


Innate Abilities, Weirdness & Mutations

You are very small and have problems with some larger weapons.
You are too small for most types of armour.
You have supernaturally acute eyesight. (SInv)
You cover ground extremely quickly. (Speed+++)


Message History

You hit the hound. You burn the hound.
The hound is lightly wounded.
The hound closely misses you.
You closely miss the hound.
The hound is lightly wounded.
You closely miss the hound.
The hound is lightly wounded.
The hound bites you.
* * * LOW HITPOINT WARNING * * *
You hit the hound. You burn the hound.
The hound is moderately wounded.
The hound closely misses you.
You closely miss the hound.
The hound is moderately wounded.
The hound misses you.
You barely miss the hound.
The hound is moderately wounded.
The hound misses you.
You completely miss the hound.
The hound is moderately wounded.
The hound misses you.
You closely miss the hound.
The hound is moderately wounded.
The hound completely misses you.
You miss the hound.
The hound is moderately wounded.
The hound completely misses you.
You closely miss the hound.
The hound is moderately wounded.
The hound bites you.
* * * LOW HITPOINT WARNING * * *
You hit the hound. You burn the hound.
The hound is heavily wounded.
The hound closely misses you.
You hit the hound. You burn the hound.
The hound is severely wounded.
You hit the hound. You burn the hound.
The hound is almost dead.
The hound bites you.
You die...

#K..........##.#
#.####oo....#
#W####......#
#.......#.#o#
#.<.......#.#
###J####..#♣♣♣.
#.....##.♣♣ ♣#
#.....##.♣ ♣###
#.....##♣.♣..P♣@.#
#.♣♣.♣# ♣♣....♣#h#
#♣♣P.♣#♣♣.P.♣ #.#
♣♣♣PWP#♣...♣ #.#
♣♣P♣.P♣#♣P.P♣♣♣##.#
♣PP...♣#♣..♣♣..##.#
).J♣♣♣♣#.♣.♣......#
♣.P♣♣♣.........####
#.#..#.#########


You could see a hound.

Vanquished Creatures
  2 adders
  An orc (D:4)
  A ball python (D:3)
  2 bats (D:2)
  An endoplasm (D:3)
  A giant cockroach (D:2)
  2 hobgoblins (D:2)
  3 kobolds
  2 quokkas (D:2)
  A frilled lizard (D:2)
  A goblin (D:2)
17 creatures vanquished.

Notes
Turn   | Place    | Note
-------+----------+-------------------------------------------
     0 | D:1      | Bravepunisher the Spriggan Monk began the quest for the
                  | Orb.
     0 | D:1      | Reached XP level 1. HP: 11/11 MP: 2/2
   318 | D:2      | Reached XP level 2. HP: 16/16 MP: 3/3
   472 | D:3      | Reached XP level 3. HP: 19/20 MP: 4/4
   630 | D:4      | Noticed a phantom
   718 | D:4      | Slain by a hound

Illustrated notes

Levels and vault maps discovered:
D:1:      orjb1_lava_funnel, layout_basic, ebering_ecumenical_altar_abandoned,
          supply_closet_lemuel, minmay_cupped
D:2:      layout_basic
D:3:      layout_loops_corners, slow_altar_1, lemuel_round_altar
D:4:      layout_loops_cross, nicolae_qazlal_eye_of_the_storm, serial_forest,
          infiniplex_forest_clump_tiny, infiniplex_forest_lined_3_way,
          infiniplex_forest_lined_3, infiniplex_forest_corner_2,
          infiniplex_forest_clump_medium, infiniplex_forest_clump_curved,
          infiniplex_forest_straight_2, infiniplex_forest_end_3,
          infiniplex_forest_clump_double, infiniplex_forest_zigzag_2

Skill      XL: |  1  2 |
---------------+-------+-----
Fighting       | 3 |  3.2
Short Blades   | |  3.2
Dodging        | |  4.6

Action                     || total
---------------------------++-------
  Melee: Dagger            ||    65
    Use: Potion            ||     2
         Scroll            ||     1
   Stab: Sleeping          ||     1
 Armour: Robe              ||    22
  Dodge: Dodged            ||    58

Table legend: (Time is in decaauts)
 A = Elapsed time spent in this place.
 B = Non-inter-level travel time spent in this place.
 C = Inter-level travel time spent in this place.
 D = Time resting spent in this place.
 E = Time spent auto-exploring this place.
 F = Levels seen in this place.
 G = Mean time per level.
                   A        B        C        D        E       F      G
               +--------+--------+--------+--------+--------+-----+--------+
         Total |    466 |    466 |      0 |      0 |    194 |   4 |  116.5 |
       Dungeon |    466 |    466 |      0 |      0 |    194 |   4 |  116.5 |
               +--------+--------+--------+--------+--------+-----+--------+

Top non-repeatable levels by time:
     D:2: 249 daAuts
     D:3: 109 daAuts
     D:1: 58 daAuts
     D:4: 48 daAuts
